AoeStats
← snake

Arabia

510252094Analyzed
3v3 RM · 10h ago on Sep 30, 2026· 42m 49s· 6 players
Game mode
Random Map
Map size
Normal (6 player)
Population
200
Speed
Normal
Resources
Standard
Victory
Conquest
Starting age
Dark Age
Ending age
Imperial Age
RankedLock teamsTeams togetherTeam positionsShared explorationLock speedFull tech treeHidden civsTurbo modeCheats
Victory
Defeat
1038
+12
🇵🇪 Portuguese · Peru
1022
+13
🇵🇪 Magyars · Peru
830
+20
🇦🇺 Berbers · Australia
960
-16
🇵🇰 Britons · Pakistan
939
-15
🇺🇸 Romans · United States
925
-14
snake
11:48 Feudal Age
13:25 Double-Bit Axe
14:18 Horse Collar
18:43 Man-at-Arms
21:57 Castle Age
21:48 Scale Mail Armor
24:57 Elite Skirmisher
27:09 Scale Barding Armor
27:42 Bloodlines
27:32 Husbandry
GREENEYES
1:32 Loom
10:19 Feudal Age
11:12 Town Watch
13:40 Double-Bit Axe
22:26 Castle Age
20:31 Horse Collar
21:20 Scale Barding Armor
21:40 Fletching
21:44 Gold Mining
24:07 Husbandry
24:37 Bloodlines
28:14 Chain Barding Armor
28:18 Bodkin Arrow
31:43 Bow Saw
31:48 Kasbah
36:02 Stone Mining
36:47 Gold Shaft Mining
38:02 Stone Shaft Mining
37:39 Bow Saw
37:37 Heavy Plow
41:53 Imperial Age
41:22 Wheelbarrow
Haseeb Ayaz
10:57 Feudal Age
16:53 Loom
25:41 Castle Age
29:41 Double-Bit Axe
32:50 Yeomen
34:30 Fletching
39:25 Bodkin Arrow
42:03 Ballistics
FOX MULDER
2:24 Loom
2:30 Loom
10:49 Feudal Age
18:09 Castle Age
16:27 Double-Bit Axe
17:06 Fletching
17:05 Horse Collar
17:19 Fletching
20:01 Bodkin Arrow
22:49 Town Watch
23:32 Bow Saw
26:27 Wheelbarrow
28:21 Gold Mining
33:00 Imperial Age
32:06 Hand Cart
34:35 Conscription
38:40 Bloodlines
38:57 Bracer
40:06 Forging
42:42 Chemistry
42:07 Town Patrol
42:10 Padded Archer Armor
EL GATO TECHERO
10:19 Feudal Age
10:42 Loom
13:10 Double-Bit Axe
19:33 Horse Collar
21:17 Bloodlines
23:50 Scale Barding Armor
28:46 Castle Age
32:02 Gold Mining
33:41 Heavy Plow
34:48 Husbandry
36:00 Chain Barding Armor
39:47 Gold Shaft Mining
39:46 Bow Saw
41:31 Wheelbarrow
42:35 Hand Cart
El preñador de coneras
8:23 Loom
10:20 Feudal Age
12:16 Bloodlines
17:57 Horse Collar
20:00 Double-Bit Axe
21:49 Fletching
22:44 Wheelbarrow
25:45 Castle Age
25:19 Scale Barding Armor
25:26 Gold Mining
27:30 Town Watch
30:44 Ballistics
30:32 Town Patrol
32:57 Bow Saw
33:25 Bodkin Arrow
33:51 Chain Barding Armor
33:49 Heavy Plow
39:02 Imperial Age
37:06 Silk Armor
39:35 Heavy Cavalry Archer
40:56 Hand Cart
41:02 Bracer
42:22 Plate Barding Armor
43:40 Conscription
44:23 Chemistry
Connection lost

Rejoining the realm…

Still unreachable

The connection could not be restored.

Session expired

The server has moved on; the page needs a fresh start.